 Dungeon Crawl Stone Soup version 0.31.0-11-ge490571c62 (webtiles) character file.

Game seed: 7775402155534733660

4095 qw the Markself (level 10, 0/56 HPs)
             Began as a Deep Elf Hunter on Feb 5, 2024.
             Was a Priest of Okawaru.
             Slain by a killer bee (3 damage)
             ... on level 8 of the Dungeon.
             The game lasted 00:02:28 (6694 turns).

qw the Markself (Deep Elf Hunter)                   Turns: 6694, Time: 00:02:29

Health: 0/56       AC: 10    Str: 15    XL:     10   Next: 5%
Magic:  15/15      EV: 16    Int: 15    God:    Okawaru [***...]
Gold:   140        SH:  0    Dex: 24    Spells: 9/9 levels left

rFire   + . .        k - +1 orcbow
rCold   . . .        (shield currently unavailable)
rNeg    . . .        d - +0 ring mail
rPois   .            e - +0 helmet
rElec   +            (no cloak)
rCorr   .            m - +0 pair of gloves
SInv    .            l - +2 pair of boots "Runlooho" {Rampage rF+}
Will    +....        n - amulet of Goirchu {Faith rElec Str+3}
Stlth   ++           j - +6 ring of dexterity
HPRegen 0.29/turn    (no ring)
MPRegen 0.14/turn

%: rampage, faith
@: about to teleport
A: no striking features
a: Renounce Religion, Heroism


You were on level 8 of the Dungeon.
You worshipped Okawaru.
Okawaru was most pleased with you.
You visited 2 branches of the dungeon, and saw 9 of its levels.

You collected 272 gold pieces.
You spent 132 gold pieces at shops.


   Skills:
 - Level 4.1 Fighting
 + Level 15.7 Ranged Weapons
 - Level 2.1 Armour
 - Level 7.0 Dodging
 - Level 1.2 Stealth
 - Level 4.1 Invocations


You had 9 spell levels left.
You didn't know any spells.
Your spell library was empty.

Inventory:

Hand Weapons
 k - a +1 orcbow (weapon)
Armour
 d - a +0 ring mail (worn)
 e - a +0 helmet (worn)
 l - the +2 pair of boots "Runlooho" (worn) {Rampage rF+}
   (You found it on level 4 of the Dungeon)

   rF+:       It protects you from fire.
   Rampage:   It bestows one free step when moving towards enemies.
 m - a +0 pair of gloves (worn)
Jewellery
 j - a +6 ring of dexterity (left hand)
 n - the amulet of Goirchu (around neck) {Faith rElec Str+3}
   (You found it on level 7 of the Dungeon)

   [amulet of faith]

   Faith:     It allows you to gain divine favour quickly.
   Str+3:     It affects your strength (+3).
   rElec:     It insulates you from electricity.
Wands
 i - a wand of digging (2)
Potions
 b - 3 potions of might
 c - a potion of mutation
 g - a potion of heal wounds
 h - 2 potions of curing

Dungeon Overview and Level Annotations

Branches:
Dungeon (8/15)             Temple (1/1) D:6
   Lair: D:8-11

Altars:
Ashenzari
Cheibriados
Dithmenos
Elyvilon
Fedhas
Gozag
Hepliaklqana
Kikubaaqudgha
Makhleb
Okawaru
Qazlal
Ru
Sif Muna
Uskayaw
Vehumet
Wu Jian
Yredelemnul
Zin
The Shining One

Shops:
D:1 ?   D:2 (*   D:6 :

Annotations:
D:1 2 transporters
D:5 exclusion: 4 ogres


Message History

You shoot an arrow. The arrow hits the orc wizard!
You kill the orc wizard!
Okawaru accepts your kill.
Your surroundings suddenly seem different.
Found a war axe.
You feel sick.
You start resting.
You feel sick. x3
Magic restored.
You feel sick.
You start resting.
You feel sick. x4
You are no longer poisoned.
You feel like a meek peon again.
A killer bee is nearby!
You shoot an arrow.
The arrow closely misses the killer bee.
The killer bee buzzes angrily.
You hear an angry buzzing noise.
You shoot an arrow.
The arrow closely misses the killer bee.
You shoot an arrow.
The arrow hits the killer bee but does no damage.
The killer bee barely misses you.
You shoot an arrow. The arrow misses the killer bee. x2
The killer bee closely misses you. The killer bee stings you.
You shoot an arrow.
The arrow closely misses the killer bee.
The arrow misses the killer bee.
The killer bee misses you. The killer bee barely misses you.
You shoot an arrow.
The arrow closely misses the killer bee. x3
The killer bee barely misses you. x2
You shoot an arrow. The arrow misses the killer bee.
The killer bee stings you but does no damage.
The killer bee barely misses you. The killer bee stings you!
6694 ||| READING scroll of teleportation.
As you read the scroll of teleportation, it crumbles to dust.
You feel strangely unstable. The killer bee stings you.
The killer bee closely misses you. The killer bee stings you.
You die...

.#.#......#
..........#.########
#...y............
#y# #.....~.. #y#
#.)...~.. #y#
#.....~.. #.#
#........ #)#
##yy...... #o.
#.@y......
#)............
#.############ ...
..# .##


You could see 3 killer bees.

Vanquished Creatures
  A manticore (D:7)
  A steam dragon (D:6)
  Grum (D:8)
  4 water moccasins
  2 black bears
  2 ice beasts
  2 sky beasts
  An ogre (D:5)
  2 centaurs (D:7)
  2 wolves (D:8)
  10 kobold brigands
  4 necrophages (D:4)
  3 bullfrogs (D:7)
  3 scorpions
  A howler monkey (D:7)
  A bombardier beetle (D:4)
  A human zombie (D:4)
  A jelly (D:6)
  A hound (D:5)
  4 sleepcaps
  Jessica (D:3)
  2 iguanas (D:6)
  3 orc wizards
  2 hound zombies (D:4)
  Robin (D:3)
  6 gnolls
  9 adders
  2 shadow imps (D:4)
  3 white imps
  2 ufetubi (D:5)
  3 adder zombies (D:4)
  4 dart slugs
  A ribbon worm (D:5)
  14 orcs
  7 ball pythons
  9 bats
  7 endoplasms
  2 giant cockroaches
  19 goblins
  10 hobgoblins
  3 jackals (D:1)
  2 quokkas
  3 frilled lizards
  16 kobolds
  8 rats
186 creatures vanquished.

Notes
Turn   | Place    | Note
-------+----------+-------------------------------------------
     0 | D:1      | qw the Deep Elf Hunter began the quest for the Orb.
     0 | D:1      | Reached XP level 1. HP: 12/12 MP: 3/3
     0 | D:1      | 0 ||| qw: Version: 0.3-a-160-g6735b56
     0 | D:1      | 0 ||| qw: Game counter: 6159
     0 | D:1      | 0 ||| qw: Melee chars always use a shield: true
     0 | D:1      | 0 ||| qw: God list: Okawaru
     0 | D:1      | 0 ||| qw: Allow faded altars: false
     0 | D:1      | 0 ||| qw: Do Orc after clearing Dungeon:15 true
     0 | D:1      | 0 ||| qw: Do second Lair branch before Depths: true
     0 | D:1      | 0 ||| qw: Lair rune preference: random
     0 | D:1      | 0 ||| qw: Goals: Normal
     0 | D:1      | 0 ||| PLANNING D:1-11
   104 | D:1      | Reached skill level 6 in Ranged Weapons
   104 | D:1      | Reached XP level 2. HP: 12/16 MP: 4/4
   252 | D:1      | HP: 3/16 [kobold/+0 short sword (2)]
   386 | D:1      | Found a transporter.
   386 | D:1      | Found Duphuango's Magic Scroll Shop.
   427 | D:1      | Reached XP level 3. HP: 20/20 MP: 5/5
   452 | D:1      | Found a transporter.
   656 | D:1      | 656 ||| READING scroll labelled MODWAKK QUNOGAICW.
   693 | D:1      | 693 ||| READING scroll labelled RADGHIAGHAW.
   693 | D:1      | 693 ||| ENCHANTING +0 shortbow.
   694 | D:1      | 694 ||| DRINKING 2 smoky sapphire potions.
   695 | D:1      | 695 ||| DROPPING scroll of butterflies.
   738 | D:2      | Found Giufoas's General Store.
   741 | D:2      | 741 ||| SHOPLISTING +0 acid dragon scales (560 gold, have
                  | 42).
   741 | D:2      | 741 ||| SHOPLISTING +4 ring mail of willpower (434 gold,
                  | have 42).
   741 | D:2      | 741 ||| BUYING potion of curing (42 gold).
   741 | D:2      | Bought a potion of curing for 42 gold pieces
   741 | D:2      | 741 ||| SHOPLISTING scroll of teleportation (42 gold, have
                  | 0).
   803 | D:2      | Reached skill level 7 in Ranged Weapons
   834 | D:2      | Found Dikkuq's Weapon Shop.
   844 | D:2      | 844 ||| SHOPLISTING +1 orcbow of flaming (146 gold, have
                  | 6).
  1139 | D:2      | You fall into a shaft and drop 1 floor!
  1187 | D:3      | Reached XP level 4. HP: 17/25 MP: 6/6
  1277 | D:3      | 1277 ||| UPGRADING to +0 scale mail.
  1287 | D:3      | 1287 ||| DROPPING +0 leather armour.
  1288 | D:3      | 1288 ||| READING 2 scrolls labelled IMYPHI KINNEH.
  1288 | D:3      | 1288 ||| IDENTIFYING dark potion
  1289 | D:3      | 1289 ||| READING scroll of identify.
  1289 | D:3      | 1289 ||| IDENTIFYING fuming dark potion
  1290 | D:3      | 1290 ||| READING scroll labelled QUW JOTEWOENA.
  1291 | D:3      | 1291 ||| DROPPING potion of lignification.
  1461 | D:2      | 1461 ||| READING scroll labelled ANOMYHO DUOR.
  1769 | D:3      | Noticed Jessica
  1771 | D:3      | Killed Jessica
  1772 | D:3      | Reached skill level 8 in Ranged Weapons
  1839 | D:3      | Found a radiant altar of Vehumet.
  2038 | D:3      | Noticed Robin
  2041 | D:3      | Reached XP level 5. HP: 29/29 MP: 7/7
  2047 | D:3      | Killed Robin
  2227 | D:3      | 2227 ||| UPGRADING to +0 helmet.
  2232 | D:3      | 2232 ||| READING scroll labelled FETOKLI XONG.
  2276 | D:4      | Reached skill level 9 in Ranged Weapons
  2278 | D:4      | HP: 7/29 [poisoned by a scorpion]
  2282 | D:4      | HP: 3/29 [poisoned by a scorpion]
  2514 | D:4      | 2514 ||| DRINKING 2 potions of curing.
  2514 | D:4      | 2514 ||| (to cure confusion)
  2519 | D:4      | 2519 ||| DRINKING potion of curing.
  2519 | D:4      | 2519 ||| (to cure confusion)
  2521 | D:4      | Reached skill level 1 in Armour
  2535 | D:4      | Reached XP level 6. HP: 33/35 MP: 8/8
  2683 | D:4      | 2683 ||| FLEEEEING.
  2684 | D:4      | 2684 ||| FLEEEEING.
  2685 | D:4      | 2685 ||| FLEEEEING.
  2686 | D:4      | 2686 ||| FLEEEEING.
  2687 | D:4      | 2687 ||| FLEEEEING.
  2688 | D:4      | 2688 ||| FLEEEEING.
  2689 | D:4      | 2689 ||| FLEEEEING.
  2690 | D:4      | 2690 ||| FLEEEEING.
  2691 | D:4      | 2691 ||| FLEEEEING.
  2692 | D:4      | 2692 ||| FLEEEEING.
  2693 | D:4      | 2693 ||| FLEEEEING.
  2694 | D:4      | 2694 ||| FLEEEEING.
  2695 | D:4      | 2695 ||| FLEEEEING.
  2697 | D:4      | 2697 ||| FLEEEEING.
  2698 | D:4      | 2698 ||| FLEEEEING.
  2699 | D:4      | 2699 ||| FLEEEEING.
  2700 | D:4      | 2700 ||| FLEEEEING.
  2701 | D:4      | 2701 ||| FLEEEEING.
  2702 | D:4      | 2702 ||| FLEEEEING.
  2703 | D:4      | 2703 ||| STAIRDANCE
  2724 | D:3      | 2724 ||| UPGRADING to +0 ring mail.
  2734 | D:3      | 2734 ||| DROPPING +0 scale mail.
  2735 | D:3      | 2735 ||| UPGRADING to +6 ring of dexterity.
  2736 | D:3      | 2736 ||| READING scroll of identify.
  2736 | D:3      | 2736 ||| IDENTIFYING glowing golden potion
  2737 | D:3      | 2737 ||| READING scroll labelled CUESKOD GARO.
  2994 | D:4      | HP: 7/35 [black bear (6)]
  2995 | D:4      | 2995 ||| DRINKING 3 potions of heal wounds.
  3086 | D:4      | Reached skill level 10 in Ranged Weapons
  3086 | D:4      | Reached XP level 7. HP: 33/39 MP: 9/9
  3173 | D:4      | Reached skill level 11 in Ranged Weapons
  3200 | D:4      | Found an ancient bone altar of Kikubaaqudgha.
  3269 | D:4      | Identified the +2 pair of boots "Runlooho" {Rampage rF+}
  3469 | D:4      | 3469 ||| UPGRADING to +2 pair of boots "Runlooho" {Rampage
                  | rF+}.
  3474 | D:4      | 3474 ||| UPGRADING to +0 pair of gloves.
  3479 | D:4      | 3479 ||| READING scroll labelled ULIEJE SEOBROS.
  3479 | D:4      | 3479 ||| BRANDING +1 shortbow.
  3480 | D:4      | 3480 ||| READING scroll labelled OWETRY TUNO.
  3491 | D:5      | Entered Level 5 of the Dungeon
  3830 | D:5      | Reached skill level 12 in Ranged Weapons
  3830 | D:5      | Reached XP level 8. HP: 20/44 MP: 10/10
  3833 | D:5      | HP: 10/44 [poisoned by a water moccasin]
  3838 | D:5      | HP: 5/44 [poisoned by a water moccasin]
  4155 | D:5      | 4155 ||| FLEEEEING.
  4156 | D:5      | 4156 ||| FLEEEEING.
  4157 | D:5      | 4157 ||| FLEEEEING.
  4158 | D:5      | 4158 ||| FLEEEEING.
  4159 | D:5      | 4159 ||| FLEEEEING.
  4160 | D:5      | 4160 ||| FLEEEEING.
  4161 | D:5      | 4161 ||| FLEEEEING.
  4162 | D:5      | 4162 ||| FLEEEEING.
  4163 | D:5      | 4163 ||| FLEEEEING.
  4164 | D:5      | 4164 ||| FLEEEEING.
  4165 | D:5      | 4165 ||| FLEEEEING.
  4166 | D:5      | 4166 ||| FLEEEEING.
  4167 | D:5      | 4167 ||| FLEEEEING.
  4168 | D:5      | 4168 ||| FLEEEEING.
  4169 | D:5      | 4169 ||| FLEEEEING.
  4170 | D:5      | 4170 ||| FLEEEEING.
  4171 | D:5      | 4171 ||| FLEEEEING.
  4172 | D:5      | 4172 ||| FLEEEEING.
  4173 | D:5      | 4173 ||| STAIRDANCE
  4236 | D:4      | 4236 ||| DRINKING 2 blue potions.
  4237 | D:4      | 4237 ||| DROPPING potion of attraction.
  4419 | D:5      | 4419 ||| READING scroll of brand weapon.
  4419 | D:5      | 4419 ||| BRANDING +1 shortbow of chaos.
  4451 | D:5      | Reached skill level 3 in Fighting
  4522 | D:5      | 4522 ||| READING scroll of identify.
  4522 | D:5      | 4522 ||| IDENTIFYING sapphire potion
  4523 | D:5      | 4523 ||| DROPPING potion of degeneration.
  4587 | D:6      | Found a staircase to the Ecumenical Temple.
  4588 | D:6      | 4588 ||| PLANNING TEMPLE
  4594 | Temple   | Entered the Ecumenical Temple
  4595 | Temple   | 4595 ||| PLANNING OKAWARU WORSHIP
  4613 | Temple   | Became a worshipper of Warmaster Okawaru
  4614 | Temple   | 4614 ||| PLANNING D:1-11
  5004 | D:6      | Found Luetufil's Book Emporium.
  5098 | D:6      | Reached skill level 13 in Ranged Weapons
  5299 | D:6      | Reached * piety under Okawaru
  5505 | D:6      | Reached skill level 1 in Invocations
  5567 | D:6      | Found the +7 Throatcutter {drain, coup de grace}
  5568 | D:6      | 5568 ||| INVOKING Heroism.
  5579 | D:6      | Reached XP level 9. HP: 50/50 MP: 10/13
  5582 | D:6      | Reached skill level 14 in Ranged Weapons
  5582 | D:6      | Reached skill level 3 in Invocations
  5648 | D:6      | 5648 ||| READING scroll of identify.
  5648 | D:6      | 5648 ||| IDENTIFYING smoky clear potion
  5649 | D:6      | 5649 ||| READING scroll labelled ESHRUM INOED.
  5650 | D:6      | 5650 ||| DROPPING potion of invisibility.
  5685 | D:7      | Reached skill level 6 in Dodging
  5696 | D:7      | Found Zin's Purification Station.
  5699 | D:7      | Found a glowing silver altar of Zin.
  5702 | D:7      | 5702 ||| BUYING potion of curing (90 gold).
  5702 | D:7      | Bought a potion of curing for 90 gold pieces
  5775 | D:7      | Reached ** piety under Okawaru
  5856 | D:7      | 5856 ||| SWAPPING to +0 orcbow.
  5884 | D:7      | 5884 ||| DROPPING +1 shortbow of flaming.
  5922 | D:7      | Noticed a manticore
  5923 | D:7      | 5923 ||| INVOKING Heroism.
  5931 | D:7      | Killed a manticore
  5938 | D:7      | Reached skill level 15 in Ranged Weapons
  5953 | D:7      | 5953 ||| READING scroll of enchant weapon.
  5953 | D:7      | 5953 ||| ENCHANTING +0 orcbow.
  6115 | D:7      | Identified the amulet of Goirchu {Faith rElec Str+3}
  6598 | D:7      | 6598 ||| UPGRADING to amulet of Goirchu {Faith rElec
                  | Str+3}.
  6603 | D:7      | 6603 ||| READING scroll of identify.
  6603 | D:7      | 6603 ||| IDENTIFYING scroll labelled FIXICONK HUYSM
  6604 | D:7      | 6604 ||| DROPPING scroll of amnesia.
  6635 | D:8      | Noticed Grum
  6636 | D:8      | 6636 ||| RETREEEEATING.
  6642 | D:8      | 6642 ||| INVOKING Heroism.
  6649 | D:8      | 6649 ||| RETREEEEATING.
  6652 | D:8      | Killed Grum
  6652 | D:8      | Reached *** piety under Okawaru
  6653 | D:8      | Reached XP level 10. HP: 15/56 MP: 13/15
  6656 | D:8      | HP: 13/56 [killer bee (2)]
  6657 | D:8      | 6657 ||| READING 2 scrolls of teleportation.
  6658 | D:8      | 6658 ||| DRINKING 2 potions of heal wounds.
  6668 | D:8      | HP: 14/56 [poisoned by a killer bee]
  6693 | D:8      | HP: 7/56 [killer bee (8)]
  6694 | D:8      | 6694 ||| READING scroll of teleportation.
  6694 | D:8      | HP: 3/56 [killer bee (5)]
  6694 | D:8      | Slain by a killer bee

Levels and vault maps discovered:
D:1:      dpeg_arrival_pond, layout_rooms, serial_shops, nicolae_shop_drivethru,
          minmay_hedge_maze, st_stairs_7, minmay_misc_feat_rows,
          kennysheep_decorative_pillar
D:2:      layout_basic, serial_shops, nicolae_shop_tiny_real_fake_doors,
          nicolae_lakefront_shop, dreamdust_mushroom_princess
D:3:      layout_basic, overflow_temple_1_default, uniq_jessica, uniq_robin
D:4:      layout_loops_cross, lemuel_mausoleum_altar_kikubaaqudgha
D:5:      layout_loops_ring, solitary_fountain, minmay_ogre_servants
D:6:      layout_basic, temple_green, serial_shops, shop,
          dilly_guarded_unrand_throatcut
D:7:      layout_gridville, zin_purify
D:8:      layout_basic, mainiacjoe_overflow_boulevard, minmay_lair_entry_grove,
          uniq_psyche, uniq_grum, uniq_pikel
Temple:   nicolae_temple_slightly_damp_pantheon

Skill      XL: |  1  2  3  4  5  6  7  8  9 |
---------------+----------------------------+-----
Ranged Weapons | 6 7 8 9 10 12 13 15 | 15.7
Armour         | 1 2 |  2.1
Fighting       | 2 3 4 |  4.1
Dodging        | 4 5 7 |  7.0
Invocations    | 2 4 |  4.1
Stealth        | |  1.2

Action                     |  1- 3 |  4- 6 |  7- 9 | 10-12 || total
---------------------------+-------+-------+-------+-------++-------
   Fire: Shortbow          |   135 |   184 |   245 |       ||   564
         Orcbow            |       |       |   103 |    15 ||   118
 Invoke: Heroism           |       |       |     3 |       ||     3
    Use: Scroll            |     2 |     7 |     8 |     2 ||    19
         Potion            |     1 |     3 |     1 |     1 ||     6
 Armour: Leather armour    |    38 |       |       |       ||    38
         Scale mail        |       |    79 |       |       ||    79
         Ring mail         |       |    31 |    94 |    18 ||   143
  Dodge: Dodged            |    40 |    46 |   131 |    14 ||   231

Table legend:
 A = Non-vault XP
 B = Vault XP
 C = Vault XP percentage of total XP
 D = Non-vault monster count
 E = Vault monster count
 F = Vault count percentage of total count
                 A         B        C        D         E       F
            +---------+---------+-------+---------+---------+-------
      Total |    3967 |    1883 |  32.2 |     143 |      43 |  23.1
            +---------+---------+-------+---------+---------+-------
        D:1 |      40 |       5 |  11.1 |      24 |       2 |   7.7
        D:2 |      36 |       0 |   0.0 |      15 |       0 |   0.0
        D:3 |      73 |      65 |  47.1 |      19 |       9 |  32.1
        D:4 |     457 |     489 |  51.7 |      27 |      12 |  30.8
        D:5 |     428 |     131 |  23.4 |      14 |       9 |  39.1
        D:6 |     844 |     764 |  47.5 |      19 |       8 |  29.6
        D:7 |    2051 |       0 |   0.0 |      23 |       0 |   0.0
        D:8 |      38 |     429 |  91.9 |       2 |       3 |  60.0
            +---------+---------+-------+---------+---------+-------
